 Dungeon Crawl Stone Soup version 0.17-a0-764-gd40c196 (console) character file.

56 sose the Gusty (level 3, -3/16 HPs)
             Began as a Vine Stalker Air Elementalist on Apr 23, 2015.
             Slain by an adder (4 damage)
             ... on level 2 of the Dungeon.
             The game lasted 00:05:45 (1417 turns).

sose the Gusty (Vine Stalker Air Elementalist)      Turns: 1417, Time: 00:05:45

Health: -3/16      AC:  3    Str: 10    XL:     3   Next: 95%
Magic:  0/8        EV: 12    Int: 16    God:
Gold:   44         SH:  0    Dex: 14    Spells: 3 memorised, 2 levels left

rFire  . . .     SeeInvis .     e - +0 dagger
rCold  . . .     Clarity  .     a - +0 robe
rNeg   . . .     SustAb   +     (no shield)
rPois  .         Gourm    .     (no helmet)
rElec  .         Spirit   +     (no cloak)
rCorr  .         Warding  .     (no gloves)
rMut   .         Stasis   .     (no boots)
MR     .....                    (no amulet)
Stlth  ++........               (no ring)
                                n - ring of sustain abilities

@: lethally poisoned (-3 -> -9), not resistant to hostile enchantments,
unstealthy
A: fangs 2, regeneration 1, shaggy fur 1, magic shield, antimagic bite, no
device heal 3, rot immunity
a: no special abilities


You were on level 2 of the Dungeon.
You were not hungry.

You visited 1 branch of the dungeon, and saw 2 of its levels.

You collected 44 gold pieces.

Inventory:

Hand weapons
 e - a +0 dagger (weapon)
Armour
 a - a +0 robe (worn)
Jewellery
 n - a ring of sustain abilities (left hand)
Scrolls
 g - 4 scrolls of identify {unknown}
 j - 3 scrolls of amnesia {unknown}
 l - a scroll of enchant weapon {unknown}
 o - 2 scrolls of random uselessness {unknown}
Potions
 d - a potion of cancellation {unknown}
 h - 3 potions of curing {unknown}
 i - 2 potions of agility
 k - a potion of brilliance {unknown}
Books
 b - a book of Air

   Spells                             Type                      Level
   a - Shock                          Conjuration/Air              1
   b - Swiftness                      Charms/Air                   2
   c - Repel Missiles                 Charms/Air                   2
   d - Flight                         Charms/Air                   3
   e - Static Discharge               Conjuration/Air              3
   f - Lightning Bolt                 Conjuration/Air              5
Comestibles
 c - a bread ration
 f - a meat ration
 m - a slice of pizza


   Skills:
 - Level 1.5 Dodging
 - Level 2.4 Stealth
 + Level 2.9 Spellcasting
 + Level 1.7 Conjurations
 + Level 3.9 Air Magic


You had 2 spell levels left.
You knew the following spells:

 Your Spells              Type           Power        Failure   Level  Hunger
a - Shock                 Conj/Air       ##..         8%          1    #......
b - Repel Missiles        Chrm/Air       #.....       14%         2    ##.....
c - Swiftness             Chrm/Air       #.......     14%         2    ##.....


Dungeon Overview and Level Annotations

Branches:
Dungeon (2/15)

Altars:


Innate Abilities, Weirdness & Mutations

You have extremely sharp teeth.
Your natural rate of healing is unusually fast.
You are covered in fur (AC +1).
When hurt, damage is shared between your health and your magic reserves.
Your bite disrupts and absorbs the magic of your enemies.
Potions and wands cannot restore your health.
You are immune to rotting.


Message History

Confirm with . or Enter, or press ? or * to list all spells.
Aiming: Shock
Press: ? - help, Shift-Dir - straight line, f - adder, p - adder
Aim: an adder The zap hits the adder.
The adder is moderately wounded.
The zap hits the adder.
The adder is lightly wounded.
* * * LOW HITPOINT WARNING * * *
You feel sick. The adder barely misses you.
Casting: Shock
Confirm with . or Enter, or press ? or * to list all spells.
Aiming: Shock
Press: ? - help, Shift-Dir - straight line, f/p - adder
Aim: an adder (lightly wounded)
The zap misses the adder.
The zap hits the adder.
The adder is heavily wounded.
* * * LOW HITPOINT WARNING * * *
You feel sick. The adder bites you.
You die...

##..........##....##........
#.............### #........
#...........(...# #........
#...........###.# ########.
#...............# #.
##.........###........ #.
#########S# ....... ... #S#
#...... .#.. #@# ...... .
##. #.# ..... #. #.# ... ..
#.# ## .. #.# . #.# . ..# .
.## .


You could see 2 adders.

Vanquished Creatures
  An adder (D:2)
  A worm (D:2)
  A giant gecko (D:1)
  8 bats
  2 giant cockroaches (D:1)
  7 hobgoblins
  4 giant newts (D:1)
  7 goblins
  8 kobolds
  2 quokkas (D:2)
  4 rats (D:1)
45 creatures vanquished.

Notes
Turn   | Place    | Note
--------------------------------------------------------------
     0 | D:1      | sose, the Vine Stalker Air Elementalist, began the quest for the Orb.
     0 | D:1      | Reached XP level 1. HP: 9/9 MP: 4/4
   254 | D:1      | Reached XP level 2. HP: 13/13 MP: 1/6
   535 | D:1      | Learned a level 2 spell: Repel Missiles
   538 | D:1      | Learned a level 2 spell: Swiftness
   553 | D:1      | Reached XP level 3. HP: 13/16 MP: 2/7
  1417 | D:2      | Slain by an adder

Action                   || total
-------------------------++-------
Melee: Dagger            ||   131
       Unarmed           ||     3
 Cast: Shock             ||    54
 Stab: Sleeping          ||     2
  Eat: Chunk             ||     2
